 Dungeon Crawl Stone Soup version 0.29-a0-330-g52719c12eb (webtiles) character file.

Game seed: 56278303093157020

838 DavidChitty2 the Chopper (level 7, -1/62 HPs)
             Began as a Minotaur Fighter on Apr 26, 2022.
             Slain by an iguana (9 damage)
             ... on level 5 of the Dungeon.
             The game lasted 00:06:16 (4067 turns).

DavidChitty2 the Chopper (Minotaur Fighter)         Turns: 4067, Time: 00:06:17

Health: -1/62      AC: 13    Str: 23    XL:     7   Next: 67%
Magic:  6/6        EV:  6    Int:  5    God:
Gold:   1012       SH:  5    Dex:  9    Spells: 6/6 levels left

rFire   . . .      SeeInvis .   a - +0 war axe (venom)
rCold   . . .      Faith    .   c - +0 buckler
rNeg    . . .      Spirit   .   p - +0 plate armour
rPois   +          Reflect  .   (helmet restricted)
rElec   .          Harm     .   A - +0 cloak
rCorr   .          Rampage  .   (no gloves)
Will    .....                   (no boots)
Stlth   ..........              o - amulet of the acrobat
HPRegen 0.20/turn               m - ring of poison resistance
MPRegen 0.10/turn               (no ring)

@: no status effects
A: horns 2, retaliatory headbutt
a: no special abilities


You were on level 5 of the Dungeon.
You visited 1 branch of the dungeon, and saw 5 of its levels.

You collected 1012 gold pieces.

Inventory:

Hand Weapons
 a - a +0 war axe of venom (weapon)
Armour
 c - a +0 buckler (worn)
 p - a +0 plate armour (worn)
   (You found it on level 4 of the Dungeon)
 A - a +0 cloak (worn)
   (You took it off Crazy Yiuf on level 4 of the Dungeon)
Jewellery
 m - a ring of poison resistance (left hand)
   (You found it on level 2 of the Dungeon)
 o - an amulet of the acrobat (around neck)
   (You found it on level 2 of the Dungeon)
Wands
 u - a wand of paralysis (3)
   (You took it off Ijyb on level 3 of the Dungeon)
Scrolls
 k - 2 scrolls of fog
 l - 2 scrolls of fear
Potions
 d - a potion of might
 f - 2 potions of curing {@q1}
 h - 2 potions of heal wounds {@q2}
 i - 2 potions of lignification {unknown}
 n - 2 potions of magic
 v - a potion of invisibility
 w - a potion of mutation {unknown}


   Skills:
 + Level 5.8 Fighting
 * Level 7.0 Axes
 + Level 5.8 Armour
 + Level 5.9 Shields


You had 6 spell levels left.
You didn't know any spells.
Your spell library contained the following spells:

 Spells                   Type           Power      Damage    Failure   Level
 Pain                     Necr           0%         1d4       100%        1
 Animate Dead             Necr           0%         N/A       100%        4
 Alistair's Intoxication  Tmut/Pois      0%         N/A       100%        5
 Borgnjor's Vile Clutch   Necr/Erth      0%         N/A       100%        5
 Death Channel            Necr           0%         N/A       100%        6
 Eringya's Noxious Bog    Tmut/Pois      0%         N/A       100%        6
 Death's Door             Necr           0%         N/A       100%        9
 Polar Vortex             Ice            0%         N/A       100%        9


Dungeon Overview and Level Annotations

Branches:
Dungeon (5/15)
 Temple: D:4-7

Altars:
Gozag
Hepliaklqana
The Shining One

Annotations:
D:5 Edmund


Innate Abilities, Weirdness & Mutations

You have a pair of horns on your head.
You reflexively headbutt those who attack you in melee.


Message History

You closely miss Grinder.
Edmund says, "People think my brother is the best.
I think he's crazy."
Grinder closely misses you. You furiously retaliate!
You headbutt Grinder. You hit Grinder but do no damage.
Grinder is poisoned.
Grinder says, "You look like you could use a good racking."
Grinder hits you. Grinder gestures at you. You resist with significant effort.
You closely miss Grinder. Grinder completely misses you.
You hit Grinder but do no damage. You headbutt Grinder!
Grinder hits you but does no damage.
You barely miss Grinder. Your headbutt misses Grinder.
You block Grinder's attack.
You slash Grinder!
Grinder looks as sick as possible!
You slash the jelly!
Your hands burn!
Grinder hits you. The jelly closely misses you.
You barely miss Grinder. You hit the jelly.
The jelly is poisoned.
Your hands burn!
Grinder hits you but does no damage. You block the jelly's attack.
An iguana comes into view.
The jelly hits you.
You are splashed with acid!
Grinder hits you but does no damage.
You barely miss the jelly.
The iguana hisses angrily.
You hit Grinder. The jelly hits you but does no damage.
Grinder blinks!
You slash the jelly!
You kill the jelly!
Grinder blinks!
You closely miss Edmund. You headbutt Edmund.
Edmund hits you with a +2 flail of protection.
Grinder says, "Tell me all your secrets, or I'll kill you."
You slash Edmund!
Edmund is poisoned.
Your headbutt misses Edmund. Edmund hits you but does no damage.
The iguana bites you.
* * * LOW HITPOINT WARNING * * *
You block Edmund's attack.
You hit Edmund. You headbutt Edmund, but do no damage. You hit the iguana.
You kill Grinder!
The iguana bites you!
* * * LOW HITPOINT WARNING * * *
Edmund hits you with a +2 flail of protection.
* * * LOW HITPOINT WARNING * * *
Your Axes skill increases to level 7!
You closely miss Edmund. You barely miss the iguana.
The iguana barely misses you. Edmund hits you but does no damage.
You slash Edmund!
Edmund looks as sick as possible!
You barely miss the iguana. The iguana bites you!
* * * LOW HITPOINT WARNING * * *
Edmund hits you but does no damage.
You hit Edmund. You hit the iguana. Edmund closely misses you.
The iguana bites you!
You die...

........ .......
...... ....##
....## ....# .....
#@l.# ##...# #@..#
..... #...#
##...## #=###
#.....### ##.#
........#######..#
.................#
....<..#..########
......>##....#
.....<.#.....#


You could see Edmund (extremely poisoned) and an iguana.

Vanquished Creatures
  Grinder (D:5)
  A black bear (D:4)
  Crazy Yiuf (D:4)
  An orc priest (D:3)
  2 hounds
  A jelly (D:5)
  A gnoll shaman (D:4)
  An iguana (D:5)
  Jessica (D:3)
  Ijyb (D:3)
  Natasha (thrice) (D:2)
  Robin (D:4)
  6 adders
  5 gnolls
  A worm (D:4)
  3 dart slugs
  11 orcs
  9 endoplasms
  5 giant cockroaches
  17 goblins
  6 hobgoblins
  6 jackals (D:1)
  6 kobolds
  6 quokkas
  3 ball pythons
  7 bats
  5 frilled lizards
  5 rats
116 creatures vanquished.

Notes
Turn   | Place    | Note
-------+----------+-------------------------------------------
     0 | D:1      | DavidChitty2 the Minotaur Fighter began the quest for the
                  | Orb.
     0 | D:1      | Reached XP level 1. HP: 19/19 MP: 0/0
    54 | D:1      | Reached XP level 2. HP: 27/27 MP: 1/1
   100 | D:1      | Reached skill level 3 in Axes
   341 | D:1      | Reached XP level 3. HP: 31/33 MP: 2/2
   784 | D:2      | Noticed Natasha
   789 | D:2      | Killed Natasha
   833 | D:2      | Noticed Natasha
   845 | D:2      | Killed Natasha
   846 | D:2      | Reached skill level 4 in Axes
   846 | D:2      | Reached XP level 4. HP: 7/40 MP: 3/3
  1025 | D:2      | Noticed Natasha
  1031 | D:2      | Killed Natasha
  1174 | D:2      | Got the Handbook of Glacial Darkness
  1726 | D:3      | Found a hazy altar of Hepliaklqana.
  1734 | D:3      | Noticed Jessica
  1740 | D:3      | Killed Jessica
  1741 | D:3      | Reached XP level 5. HP: 41/47 MP: 4/4
  2036 | D:3      | Found a faded altar of an unknown god.
  2187 | D:3      | Noticed Ijyb
  2192 | D:3      | Paralysed by Ijyb for 7 turns
  2203 | D:3      | Killed Ijyb
  2204 | D:3      | Reached skill level 5 in Axes
  2207 | D:3      | Reached XP level 6. HP: 39/55 MP: 5/5
  2213 | D:3      | Identified the +6 short sword "Jytry" {freeze, Int+4}
  2596 | D:3      | Reached skill level 5 in Shields
  2687 | D:4      | Reached skill level 5 in Fighting
  2687 | D:4      | Reached skill level 5 in Armour
  2830 | D:4      | Reached skill level 6 in Axes
  2830 | D:4      | Reached XP level 7. HP: 43/61 MP: 6/6
  2924 | D:4      | Found a large runed translucent door.
  2925 | D:4      | Found a large runed translucent door.
  2960 | D:4      | Noticed Robin
  2986 | D:4      | Killed Robin
  3336 | D:4      | Found a runed translucent door.
  3337 | D:4      | Noticed Crazy Yiuf
  3751 | D:4      | Found an opulent altar of Gozag.
  3758 | D:4      | Found a glowing golden altar of the Shining One.
  3836 | D:4      | Killed Crazy Yiuf
  3881 | D:5      | Entered Level 5 of the Dungeon
  3886 | D:5      | Identified a scroll of acquirement
  3886 | D:5      | Acquired 849 gold pieces
  4047 | D:5      | Noticed Grinder
  4047 | D:5      | Noticed Edmund
  4064 | D:5      | Killed Grinder
  4065 | D:5      | Reached skill level 7 in Axes
  4067 | D:5      | Slain by an iguana

Illustrated notes

Levels and vault maps discovered:
D:1:      minmay_arrival_plants_in_alcoves, layout_basic
D:2:      layout_loops_ring, uniq_natasha
D:3:      layout_loops_ring, nicolae_overflow_crystal_walls,
          chequers_ecumenical_altar_twisty, hangedman_feature_mirror,
          minmay_fractal_squares_5, uniq_jessica, uniq_ijyb
D:4:      layout_basic, jmf_multi_god_temple2, hangedman_decor_diamond_cutter,
          lemuel_another_geyser, uniq_robin, uniq_crazy_yiuf_cottage
D:5:      layout_cave_pools, lightli_sewer_entry_pipes, minmay_fire_ice_demons,
          uniq_grinder, uniq_blork_the_orc, uniq_edmund, uniq_duvessa

Skill      XL: |  1  2  3  4  5  6  7 |
---------------+----------------------+-----
Axes           | 3 4 5 6 7 |  7.0
Fighting       | 4 5 |  5.8
Armour         | 4 5 |  5.8
Shields        | 4 5 |  5.9

Action                   |  1- 3 |  4- 6 |  7- 9 || total
-------------------------+-------+-------+-------++-------
Melee: War axe           |    79 |   120 |    58 ||   257
       Headbutt          |     7 |    22 |    10 ||    39
  Use: Scroll            |       |       |     9 ||     9
Armor: Scale mail        |    39 |    57 |       ||    96
       Plate armour      |       |     8 |    29 ||    37
Dodge: Dodged            |    43 |    82 |    22 ||   147
Block: Buckler           |    38 |    19 |    10 ||    67

Table legend: (Time is in decaauts)
 A = Elapsed time spent in this place.
 B = Non-inter-level travel time spent in this place.
 C = Inter-level travel time spent in this place.
 D = Time resting spent in this place.
 E = Time spent auto-exploring this place.
 F = Levels seen in this place.
 G = Mean time per level.
                   A        B        C        D        E       F      G
               +--------+--------+--------+--------+--------+-----+--------+
         Total |   4160 |   4073 |     87 |    273 |   2993 |   5 |  832.0 |
       Dungeon |   4160 |   4073 |     87 |    273 |   2993 |   5 |  832.0 |
               +--------+--------+--------+--------+--------+-----+--------+

Top non-repeatable levels by time:
     D:4: 1217 daAuts
     D:3: 983 daAuts
     D:2: 982 daAuts
     D:1: 788 daAuts
     D:5: 189 daAuts
